 Dungeon Crawl Stone Soup version 0.24.0-13-gcf9b319 (webtiles) character file.

Game seed: 1983896134290641046, levelgen mode: deterministic

1164 Bronimir the Zephyrmancer (level 8, -14/43 HPs)
             Began as a Tengu Air Elementalist on Mar 25, 2020.
             Was an Initiate of Sif Muna.
             Demolished by an orc warrior
             ... wielding a +0 trident
              (22 damage)
             ... on level 6 of the Dungeon.
             The game lasted 00:23:29 (7477 turns).

Bronimir the Zephyrmancer (Tengu Air Elementalist)  Turns: 7477, Time: 00:23:30

Health: -14/43     AC:  4    Str:  8    XL:     8   Next: 40%
Magic:  5/15       EV: 16    Int: 18    God:    Sif Muna [......]
Gold:   161        SH:  0    Dex: 15    Spells: 5/15 levels left

rFire    + . .     SeeInvis .   a - +0 falchion
rCold    + . .     Gourm    .   (no shield)
rNeg     + . .     Faith    .   D - +2 robe of the Cooper {rN+ Regen+}
rPois    .         Spirit   .   (helmet restricted)
rElec    .         Reflect  .   p - scarf {rC+ rF+}
rCorr    .         Harm     .   (no gloves)
MR       .....                  (boots unavailable)
Stlth    ++........             (no amulet)
HPRegen  0.54/turn              (no ring)
MPRegen  0.14/turn              (no ring)

@: about to teleport, flying quickly and evasively, quick
A: beak, talons 3, able to fly
a: Stop Flying, Renounce Religion


You were on level 6 of the Dungeon.
You worshipped Sif Muna.
Sif Muna was noncommittal.
You were not hungry.

You visited 2 branches of the dungeon, and saw 8 of its levels.

You collected 309 gold pieces.
You spent 148 gold pieces at shops.

Inventory:

Hand Weapons
 a - a +0 falchion (weapon)
 b - a +0 shortbow
 h - a +0 club
 m - a +0 whip
 o - a +1 dagger of freezing
 u - a +0 trident
 G - a +1 trident of protection
Missiles
 d - 65 stones
 e - 93 sling bullets
 j - 2 javelins
 q - 92 arrows
 s - 5 boomerangs
 z - 49 bolts
 H - 46 poisoned darts (quivered)
Armour
 p - a scarf of resistance (worn)
 D - the +2 robe of the Cooper (worn) {rN+ Regen+}
   (You bought it in a shop on level 4 of the Dungeon)

   It protects you from negative energy.
   It increases your rate of regeneration.
 E - a +1 leather armour of magic resistance
 I - a +0 ring mail
Jewellery
 A - an uncursed ring of flight {unknown}
 B - an uncursed ring of protection from magic {unknown}
Scrolls
 f - 3 scrolls of identify
 r - 2 scrolls of fear
 t - a scroll of immolation
 v - 3 scrolls of teleportation
 w - a scroll of blinking
 x - 2 scrolls of amnesia
 y - a scroll of remove curse
 F - 2 scrolls of random uselessness {unknown}
Potions
 g - a potion of agility
 i - a potion of might {unknown}
 k - 2 potions of cancellation {unknown}
 l - 2 potions of curing {unknown}
 n - 2 potions of brilliance
 C - a potion of mutation {unknown}
Comestibles
 c - 12 rations


   Skills:
 + Level 1.0 Fighting
 + Level 1.8 Long Blades
 + Level 0.7 Bows
 * Level 2.9 Armour
 * Level 3.0 Dodging
 - Level 2.0 Stealth
 + Level 4.2 Spellcasting
 * Level 5.6 Conjurations
 * Level 9.2 Air Magic


You had 5 spell levels left.
You knew the following spells:

 Your Spells              Type           Power        Failure   Level  Hunger
a - Shock                 Conj/Air       ####         1%          1    None
b - Swiftness             Chrm/Air       ###.....     3%          2    ##.....
c - Static Discharge      Conj/Air       ####....     1%          3    ###....
d - Airstrike             Air            #####.....   3%          4    ####...

Your spell library contained the following spells:

 Spells                   Type           Power        Failure   Level  Hunger
 Lightning Bolt           Conj/Air       ####......   19%         5    ######.


Dungeon Overview and Level Annotations

Branches:
Dungeon (7/15)             Temple (1/1) D:5

Altars:
Ashenzari
Dithmenos
Elyvilon
Gozag
Hepliaklqana
Kikubaaqudgha
Makhleb
Nemelex Xobeh
Qazlal
Ru
Sif Muna
Uskayaw
Wu Jian
Xom
Yredelemnul
Zin
The Shining One

Shops:
D:4 [   D:5 }(*(%   D:7 :

Annotations:
D:6 Blork the orc, Edmund


Innate Abilities, Weirdness & Mutations

You have a beak for a mouth.
You have claws for feet.
You can fly continuously.


Message History

Confirm with . or Enter, or press ? or * to list all spells.
Aiming: Shock (safe; 1% risk of failure)
Press: ? - help, Shift-Dir - straight line, f - quokka
Aim: a quokka The zap hits the iguana but does no damage.
The iguana is moderately wounded.
The zap hits the orc warrior.
The orc warrior is lightly wounded.
The zap misses Blork the orc.
The zap hits the quokka.
You kill the quokka!
Sif Muna accepts your kill.
An ogre comes into view. It is wielding a +0 giant club.
Edmund the Younger comes into view.
He is wielding a +3 flail of crushing.
A sky beast appears from thin air!
Reactivating autopickup.
The sky beast hits you. The sky beast shocks you.
* * * LOW HITPOINT WARNING * * *
The orc warrior hits you from afar with a +0 trident!!
Ouch! That really hurt!
You die...

#########
#.@Yl..)#
#l#####.#
#o ####.#
#o #....#
#. #.##.#
##
#@##(##Y#
.#
#O.<#(..#
.#
##.###O##
.# #.
#.##


You could see Edmund, Blork the orc, an orc warrior, a sky beast, an ogre and 2
iguanas.

Vanquished Creatures
  An ice beast (D:6)
  3 ogres
  A big kobold (D:5)
  A bullfrog (D:6)
  2 crimson imps
  3 hounds
  A bullfrog skeleton (D:4)
  An iguana (D:6)
  4 worker ants
  4 orc wizards
  6 gnolls
  6 adders
  A shadow imp (D:7)
  An ooze (D:2)
  3 worms
  5 dart slugs
  3 leopard geckos (D:3)
  22 orcs
  8 bats
  4 giant cockroaches
  A gnoll zombie (D:5)
  10 goblins
  7 hobgoblins
  7 jackals
  11 kobolds
  2 quokkas
  A ball python (D:4)
  6 frilled lizards
  A quokka skeleton (D:7)
  10 rats
136 creatures vanquished.

Notes
Turn   | Place    | Note
-------+----------+-------------------------------------------
     0 | D:1      | Bronimir the Tengu Air Elementalist began the quest for the
                  | Orb.
     0 | D:1      | Reached XP level 1. HP: 10/10 MP: 4/4
   175 | D:1      | Reached XP level 2. HP: 15/15 MP: 1/6
   665 | D:1      | Reached XP level 3. HP: 19/19 MP: 5/7
  1064 | D:2      | Reached skill level 5 in Air Magic
  1240 | D:2      | Learned a level 2 spell: Swiftness
  1244 | D:2      | Learned a level 3 spell: Static Discharge
  1408 | D:2      | Reached XP level 4. HP: 17/24 MP: 0/8
  2191 | D:2      | Found a basalt altar of Yredelemnul.
  2196 | D:2      | Found a glowing golden altar of the Shining One.
  2198 | D:2      | Noticed an angel
  2912 | D:3      | Reached skill level 6 in Air Magic
  2912 | D:3      | Gained mutation: You can fly continuously. [Tengu growth]
  2912 | D:3      | Reached XP level 5. HP: 24/28 MP: 6/9
  2970 | D:3      | Found a shimmering altar of Xom.
  2970 | D:3      | Found a burning altar of Makhleb.
  3012 | D:3      | Reached skill level 1 in Long Blades
  3609 | D:3      | Reached XP level 6. HP: 33/33 MP: 8/11
  3795 | D:3      | Found a white marble altar of Elyvilon.
  3840 | D:3      | Learned a level 4 spell: Airstrike
  3917 | D:4      | Reached skill level 1 in Armour
  4680 | D:4      | Reached skill level 7 in Air Magic
  4932 | D:4      | You are sucked into a shaft and drop 3 floors!
  4947 | D:7      | Noticed a phantom
  4967 | D:7      | Found Naihitei's Book Shoppe.
  5052 | D:7      | Noticed an ice beast
  5052 | D:7      | Noticed a hippogriff
  5097 | D:7      | Reached XP level 7. HP: 34/37 MP: 2/13
  5371 | D:5      | Entered Level 5 of the Dungeon
  5498 | D:5      | Found Obunt's Weapon Shoppe.
  6036 | D:4      | Reached skill level 5 in Conjurations
  6205 | D:4      | Found Sabur's Antique Armour Shoppe.
  6216 | D:4      | Bought a colourful robe for 148 gold pieces
  6226 | D:4      | Identified the +2 robe of the Cooper {rN+ Regen+} (You
                  | bought it in a shop on level 4 of the Dungeon)
  6285 | D:4      | Reached skill level 8 in Air Magic
  6625 | D:5      | Found Lidyco's Antique Weapon Shoppe.
  6676 | D:5      | Found a hazy altar of Hepliaklqana.
  6766 | D:5      | Found Xodaop's Food Shoppe.
  6820 | D:5      | Reached XP level 8. HP: 42/42 MP: 3/15
  6968 | D:5      | Found Kizakh's Gadget Emporium.
  6992 | D:5      | Found Merru's Assorted Antiques.
  6997 | D:5      | Found a staircase to the Ecumenical Temple.
  7041 | Temple   | Entered the Ecumenical Temple
  7225 | Temple   | Became a worshipper of Sif Muna the Loreminder
  7473 | D:6      | Reached skill level 1 in Fighting
  7473 | D:6      | Reached skill level 9 in Air Magic
  7474 | D:6      | Noticed Blork the orc
  7477 | D:6      | Noticed Edmund
  7477 | D:6      | Demolished by an orc warrior

Levels and vault maps discovered:
D:1:      dpeg_arrival_rooms_c, layout_loops_ring, minmay_misc_feat_chi,
          st_stairs_6, minmay_misc_feat_more_columns
D:2:      layout_loops_corners, grunt_temple_overflow_holy_war
D:3:      layout_loops_ring, grunt_temple_overflow_champion_of_chaos,
          old_standard_altar, first_ration
D:4:      layout_rooms, serial_shops, shop, minmay_misc_feat_rugged
D:5:      layout_loops_ring, marbit_many_paths, minmay_temple_entry_overgrown,
          enter_ossuary_3, serial_shops, kennysheep_mini_moat,
          nicolae_shop_overgrown_old_shop, nicolae_shop_trees, shop_statue,
          nicolae_shop_trees
D:6:      layout_loops_cross, grunt_temple_overflow_bloody_war,
          kennysheep_little_box, elyvilon_altar_3, uniq_edmund, uniq_grinder,
          uniq_blork_the_orc
D:7:      layout_loops_ring, serial_shops, nicolae_shop_statue_plus,
          guppyfry_shop_venom
Temple:   minmay_temple_curvy_loop

Skill      XL: |  1  2  3  4  5  6  7  8 |
---------------+-------------------------+-----
Conjurations   | 2 3 4 5 |  5.6
Air Magic      | 5 6 7 8 9 |  9.2
Long Blades    | 1 |  1.8
Spellcasting   | 3 4 |  4.2
Armour         | 1 2 |  2.9
Fighting       | 1 |  1.0
Dodging        | 3 |  3.0
Bows           | |  0.7
Stealth        | |  2.0

Action                   |  1- 3 |  4- 6 |  7- 9 || total
-------------------------+-------+-------+-------++-------
Melee: Unarmed           |     4 |       |       ||     4
       Kick              |     5 |    14 |     9 ||    28
       Club              |     4 |       |       ||     4
       Peck              |     3 |    11 |     8 ||    22
       Falchion          |    10 |    54 |    33 ||    97
       Whip              |     4 |       |       ||     4
 Fire: Shortbow          |       |       |     8 ||     8
 Cast: Shock             |    70 |   121 |    34 ||   225
       Airstrike         |       |    17 |    21 ||    38
       Static Discharge  |       |     3 |     1 ||     4
 Abil: Fly               |       |     1 |       ||     1
  Use: Scroll            |       |     9 |     1 ||    10
 Stab: Sleeping          |       |     1 |       ||     1
       Distracted        |       |       |     1 ||     1
  Eat: Chunk             |     2 |    15 |     9 ||    26
       Ration            |       |       |     1 ||     1
Armor: Robe              |    12 |     5 |     6 ||    23
       Leather armour    |       |    15 |     8 ||    23
Dodge: Dodged            |    37 |    59 |    46 ||   142
       Rpst.: Falchion   |     3 |     9 |     9 ||    21
